 Dungeon Crawl Stone Soup version 0.20.1-1-g8b1a95d (webtiles) character file.

261 Gremour the Slasher (level 6, -3/37 HPs)
             Began as a Gargoyle Monk on Dec 24, 2017.
             Slain by an iguana (6 damage)
             ... on level 3 of the Dungeon.
             The game lasted 00:09:27 (2217 turns).

Gremour the Slasher (Gargoyle Monk)                 Turns: 2217, Time: 00:09:27

Health: -3/37      AC: 12    Str: 14    XL:     6   Next: 18%
Magic:  6/6        EV:  6    Int: 11    God:
Gold:   196        SH:  0    Dex: 14    Spells: 5/5 levels left

rFire    . . .     SeeInvis .   a - +0 falchion
rCold    . . .     Gourm    .   (no shield)
rNeg     + . .     Faith    .   l - +0 chain mail
rPois    ∞         Spirit   .   (no helmet)
rElec    +         Reflect  .   (no cloak)
rCorr    .         Harm     .   (no gloves)
MR       .....                  (no boots)
Stlth    ..........             (no amulet)
Regen    0.2/turn               (no ring)
MPRegen  0.1/turn               (no ring)

@: no status effects
A: negative energy resistance 1, electricity resistance, unbreathing,
petrification resistance, rot immunity, AC +4
a: no special abilities


You were on level 3 of the Dungeon.
You were hungry.

You visited 1 branch of the dungeon, and saw 3 of its levels.

You collected 196 gold pieces.

Inventory:

Hand Weapons
 a - a +0 falchion (weapon)
Missiles
 b - 6 tomahawks (quivered)
Armour
 l - a +0 chain mail (worn)
Jewellery
 p - a +2 ring of protection {unknown}
Scrolls
 d - 2 scrolls of enchant armour {unknown}
 e - a scroll of teleportation {unknown}
 h - 2 scrolls of remove curse {unknown}
 i - a scroll of random uselessness {unknown}
 j - a scroll of amnesia {unknown}
 k - 3 scrolls of identify {unknown}
Potions
 g - a potion of lignification
 n - a potion of flight {unknown}
 q - a potion of magic {unknown}
Comestibles
 c - a bread ration
 f - a meat ration
 m - 2 royal jellies
 o - 5 chunks of flesh


   Skills:
 - Level 3.2 Fighting
 + Level 6.1 Long Blades
 - Level 2.4 Dodging
 - Level 2.1 Stealth


You had 5 spell levels left.
You didn't know any spells.

Dungeon Overview and Level Annotations

Branches:
Dungeon (3/15)

Altars:
Trog

Annotations:
D:3 2 transporters


Innate Abilities, Weirdness & Mutations

You are resistant to torment.
Your stone body is resilient. (AC +4)
You are immune to poison.
You resist negative energy. (rN+)
You are resistant to electric shocks. (rElec)
You can survive without breathing.
You are immune to petrification.
You are immune to rotting.


Message History

Your chain mail prevents you from hitting the iguana.
The iguana is lightly wounded.
The iguana bites you.
You hit the iguana.
The iguana is moderately wounded.
The iguana bites you.
You slash the iguana!
The iguana is severely wounded.
The iguana bites you but does no damage.
You hit the iguana.
The iguana is almost dead.
The iguana bites you!
* * * LOW HITPOINT WARNING * * *
You closely miss the iguana.
The iguana is almost dead.
The iguana barely misses you.
You hit the iguana but do no damage.
The iguana is almost dead.
The iguana bites you.
You die...

#÷#...# #.# #.#.#.# #.#
#.#.#.## #.# #......# #.#
###.#### #.# #.#.###.######
#.# .............# #.#
...... ..#.###l####.###.##
...... ........@..#......#
....#####.##.##.##.#.#.#.##
....##..[ .. .... ###.#.#
.......########.. #.#.#
........... ...# #.#.#
.......#.#######.# #.#.#
.................# #.#.#
#.#.#.##.###..#### # #.#.#
#.#.#.##>#......##.# #.#.#


You could see an iguana.

Vanquished Creatures
  Grinder (D:3)
  2 adders
  An ooze (D:1)
  A worm (D:2)
  A dart slug (D:1)
  4 leopard geckos
  3 giant cockroaches
  9 goblins
  7 hobgoblins
  8 bats
  2 frilled lizards (D:1)
  3 kobolds (D:1)
  8 rats
50 creatures vanquished.

Vanquished Creatures (others)
  4 toadstools (D:1)
4 creatures vanquished.

Grand Total: 54 creatures vanquished

Notes
Turn   | Place    | Note
-------+----------+-------------------------------------------
     0 | D:1      | Gremour the Gargoyle Monk began the quest for the Orb.
     0 | D:1      | Reached XP level 1. HP: 14/14 MP: 1/1
    40 | D:1      | Reached skill level 3 in Long Blades
   138 | D:1      | Reached XP level 2. HP: 18/19 MP: 2/2
   437 | D:1      | Reached XP level 3. HP: 22/23 MP: 3/3
   758 | D:2      | Found a bloodstained altar of Trog.
   961 | D:2      | Reached skill level 4 in Long Blades
  1277 | D:2      | Reached XP level 4. HP: 20/28 MP: 4/4
  1348 | D:2      | You fall through a shaft!
  1355 | D:3      | Found a transporter.
  1439 | D:3      | Noticed Grinder
  1484 | D:3      | Killed Grinder
  1484 | D:3      | Reached skill level 6 in Long Blades
  1484 | D:3      | Reached XP level 5. HP: 4/32 MP: 5/5
  1484 | D:3      | Reached XP level 6. HP: 5/37 MP: 6/6
  1874 | D:3      | Found a transporter.
  2217 | D:3      | Slain by an iguana

Skill      XL: |  1  2  3  4 |
---------------+-------------+-----
Long Blades    | 3 4 6 |  6.1
Fighting       | |  3.2
Dodging        | |  2.4
Stealth        | |  2.1

Action                   |  1- 3 |  4- 6 || total
-------------------------+-------+-------++-------
Melee: Falchion          |   135 |    87 ||   222
Throw: Tomahawk          |       |     1 ||     1
  Use: Potion            |       |     2 ||     2
 Stab: Sleeping          |     4 |       ||     4
  Eat: Chunk             |     1 |     3 ||     4
Armor: Robe              |    20 |       ||    20
       Chain mail        |    62 |    45 ||   107
       Skin              |       |     4 ||     4
Dodge: Dodged            |    73 |    25 ||    98
       Rpst.: Falchion   |    23 |     6 ||    29
